woodfighter, chaotic female elven Rogue ------------ --------- |...........##f#|........| .......%...| @-.ZZ*....| |.....<....| |........| +..........| --------- |..........| ------------ woodfighter the Rogue Experience level: 6 Strength: 14 Dexterity: 19 Constitution: 12 Intelligence: 8 Wisdom: 13 Charisma: 9 Health: 0(32) Energy: 39(39) Def: 3 Gold: 127 Moves: 3228 Dungeon seed: cWxzI8e9Lu8IBBvL Game ID: woodfighter_1515231188 Your Inventory: Coins $ - 127 gold pieces Weapons a - a blessed +6 orcish dagger named Dagger of Serenity (weapon in hand) b - 10 +0 elven daggers (in quiver) l - a +0 elven short sword Armor c - a cursed +0 mummy wrapping e - a blessed +1 leather armor (being worn) n - an uncursed +0 orcish helm q - a cursed -4 orcish helm r - an uncursed +0 alchemy smock z - an uncursed +0 leather cloak N - an uncursed +0 orcish helm Y - an uncursed +0 orcish helm Comestibles i - an uncursed tin of gnome meat m - 2 uncursed sprigs of wolfsbane o - 2 uncursed tripe rations Rings j - an uncursed ring of fire resistance Tools g - an uncursed blindfold s - an uncursed sack y - an uncursed lock pick X - an uncursed towel Contents of the sack: 716 gold pieces a [uncursed] scroll of blank paper a [uncursed] scroll of confuse monster a [blessed] scroll of identify a [cursed] scroll of identify 2 [uncursed] scrolls of identify a [uncursed] scroll of light 2 [uncursed] scrolls of remove curse a [uncursed] scroll of scare monster a [uncursed] spellbook of healing a [uncursed] potion of polymorph an uncursed potion of sickness a [uncursed] ring of slow digestion a [uncursed] ring of sustain ability a [uncursed] wand of enlightenment [0:13] a wand of opening (0:3) a [uncursed] wand of undead turning [0:5] Spells and supernatural/magical abilities: Name Level Category Fail Memory W - pray for help -- divine ? -- Your skills at the end: Miscellaneous Skills wands [Basic] Weapon Skills dagger [Basic] short sword [Basic] Spellcasting Skills Final Attributes: You were piously aligned. You were sleep resistant. You had infravision. You were stealthy. You are dead. Vanquished creatures: an orc mummy a dingo a raven a violet fungus 2 ghouls a giant ant a floating eye 2 iguanas 7 hill orcs 2 rothes 2 jitterbugs a giant bat a monkey 2 dwarf zombies a werejackal 2 killer bees 2 geckos a hobgoblin a giant rat a gnome zombie 4 jackals 2 kobolds 7 newts 3 goblins 3 sewer rats 8 grid bugs 3 bats 3 lichens a kobold zombie 67 creatures vanquished. Voluntary challenges: You did not adorn yourself with jewelry or accessories. You did not cause conflict. You were not invisible. You did not have reflection. You were not displaced. You had been an atheist until turn 1995. You used a wielded weapon 80 times, starting on turn 156. You did not apply a unicorn horn. You did not use plumbed fixtures. You did not drink any magical draughts. You were illiterate. You never genocided any monsters. You never polymorphed an object. You never changed form. You used no wishes. You never split a pudding. You never wrote Elbereth's name. You never violated your personal moral code. Dungeon overview: The Dungeons of Doom: levels 1 to 8 Level 1 a fountain, a sink a long staircase Level 2 a general store, a fountain Level 3 (vault) Level 4 a scroll shop, a fountain stairs to The Gnomish Mines Level 5 a potion shop Level 6 Level 7 some fountains, a sink Level 8 <- You were here The Gnomish Mines: Level 5 stairs to The Dungeons of Doom History has recorded: On T:1 you entered the Dungeons of Doom to retrieve the Amulet of Yendor! On T:237 you reached level 2 of The Dungeons of Doom. On T:429 you reached level 3 of The Dungeons of Doom. On T:453 you advanced to experience level 2. On T:837 you reached level 4 of The Dungeons of Doom. On T:1036 you advanced to experience level 3. On T:1221 you reached level 1 of The Gnomish Mines. On T:1433 you reached level 5 of The Dungeons of Doom. On T:1854 you advanced to experience level 4. On T:1897 you advanced to experience level 5. On T:1995 you prayed to Kos. On T:2018 you reached level 6 of The Dungeons of Doom. On T:2368 you reached level 7 of The Dungeons of Doom. On T:2403 you reached level 8 of The Dungeons of Doom. On T:2433 you advanced to experience level 6. On T:2488 you prayed to Kos. Score breakdown: Gold: 843 ( 84 points) Experience: 6 levels ( 500 points) Exploration: 8 levels ( 210 points) Discoveries: 16 items ( 800 points) Variety of kills: 29 monsters ( 1450 points) Major goal: (nothing yet) ( 0 points) Survival: died (score multiplied by 3) Total score: 9132 Latest messages: You get zapped! You kill it! You sense a monster nearby! You stop searching. Something bites! You get zapped! You kill it! You can see again. You stop searching. You stop exploring. j - a ruby ring. You see here a raven corpse. You stop exploring. The elven dagger hits the monkey. You kill the monkey! You see here a raven corpse. b - a +0 elven dagger (in quiver). You stop exploring. The door resists! The door opens. You hear a jackal howling at the moon. You stab the kitten! The kitten bites! (2x) You stab the kitten! The kitten bites! You die... Final status: Goodbye woodfighter the Rogue, killed by a kitten... You died in The Dungeons of Doom on dungeon level 8 with 9132 points, and 843 pieces of gold, after 3228 moves. You were level 6 with a maximum of 32 hit points when you died.